 Dungeon Crawl Stone Soup version 0.30-a0-614-ge5ea1257c2 (webtiles) character file.

Game seed: 7611403794599763567

15631 Oxelix the Cleaver (level 12, -41/204 HPs)
             Began as an Ogre Berserker on Jan 9, 2023.
             Was a High Priest of Trog.
             Annihilated by an orc knight
             ... wielding a +3 battleaxe
              (46 damage)
             ... on level 2 of the Orcish Mines.
             The game lasted 00:28:00 (13595 turns).

Oxelix the Cleaver (Ogre Berserker)                Turns: 13595, Time: 00:28:01

Health: -41/204    AC: 11    Str: 28    XL:     12   Next: 29%
Magic:  4/4        EV: 11    Int:  8    God:    Trog [*****.]
Gold:   1119       SH:  0    Dex:  8    Spells: 11/11 levels left

rFire   . . .      SeeInvis .    O - +3 executioner's axe (antimagic)
rCold   + . .      Faith    .    (shield currently unavailable)
rNeg    . . .      Spirit   .    Q - +0 troll leather armour
rPois   .          Reflect  .    (helmet restricted)
rElec   .          Harm     .    F - +1 cloak
rCorr   .          Rampage  .    (gloves unavailable)
Will    +....                    (boots unavailable) Stlth
                                 i - amulet of the acrobat
HPRegen 1.34/turn                o - ring of protection from cold
MPRegen 0.09/turn                w - +4 ring of protection

@: berserking, very quick
A: large, unfitting armour, tough skin 1
a: Renounce Religion, Berserk, Trog's Hand, Brothers in Arms


You were on level 2 of the Orcish Mines.
You worshipped Trog.
Trog was extremely pleased with you.
You visited 4 branches of the dungeon, and saw 15 of its levels.

You collected 1278 gold pieces.
You spent 159 gold pieces at shops.

Inventory:

Hand Weapons
 a - a +1 war axe of flaming
 I - the +9 mace "Egiytuxzea" {heavy, *Slow Str+2 Dex+4}
   (You found it on level 7 of the Dungeon)

   Str:       It affects your strength (+2).
   Dex:       It affects your dexterity (+4).
   *Slow:     It may slow you when you take damage.
 M - the +9 hand axe "Rigrupru" {vamp, Dex+2}
   (You found it on level 10 of the Dungeon)

   Dex:       It affects your dexterity (+2).
 O - a +3 antimagic executioner's axe (weapon)
Missiles
 D - 2 boomerangs of dispersal (quivered)
Armour
 F - a +1 cloak (worn)
 G - the +1 robe of the Circus Animal {rPois Will+ Slay+2 Stlth+}
   (You found it on level 6 of the Dungeon)

   Slay:      It affects your accuracy & damage with ranged weapons and melee
   (+2).
   rPois:     It protects you from poison.
   Will:      It increases your willpower.
   Stlth:     It makes you more stealthy.
 Q - a +0 troll leather armour (worn)
Jewellery
 i - an amulet of the acrobat (around neck)
 o - a ring of protection from cold (left hand)
 p - a +6 ring of intelligence
 w - a +4 ring of protection (right hand)
 z - a ring of magical power
 H - a ring of magical power
Wands
 b - a wand of polymorph (10)
 r - a wand of flame (48)
 t - a wand of iceblast (12)
 N - a wand of digging (5)
Scrolls
 d - 2 scrolls of torment {unknown}
 f - 2 scrolls of amnesia {unknown}
 g - 2 scrolls of immolation
 h - 3 scrolls of magic mapping
 k - a scroll of acquirement {unknown}
 m - 2 scrolls of blinking {unknown}
 n - a scroll of enchant armour
 q - 3 scrolls of vulnerability {unknown}
 y - 4 scrolls of teleportation {unknown}
 C - 2 scrolls of fog {unknown}
 E - a scroll of brand weapon
 J - a scroll of enchant weapon {unknown}
 L - a scroll of poison
Potions
 c - a potion of flight {unknown}
 e - 5 potions of lignification
 j - 8 potions of heal wounds
 l - 2 potions of attraction {unknown}
 s - 2 potions of might
 u - a potion of resistance {unknown}
 v - 5 potions of degeneration {unknown}
 x - 6 potions of curing
 A - a potion of ambrosia {unknown}
 B - a potion of magic {unknown}
 K - 2 potions of haste {unknown}
Miscellaneous
 P - a tin of tremorstones (2/2)


   Skills:
 + Level 13.2 Fighting
 + Level 14.2 Axes
 + Level 9.6 Dodging


You had 11 spell levels left.
You didn't know any spells.
Your spell library was empty.

Dungeon Overview and Level Annotations

Branches:
Dungeon (11/15)            Temple (1/1) D:6            Lair (1/5) D:8
    Orc (2/2) D:11            Elf (0/3) Orc:2

Altars:
Ashenzari
Cheibriados
Dithmenos
Elyvilon
Fedhas
Gozag
Hepliaklqana
Kikubaaqudgha
Makhleb
Nemelex Xobeh
Okawaru
Qazlal
Ru
Sif Muna
Trog
Uskayaw
Vehumet
Wu Jian
Xom
Yredelemnul
Zin
The Shining One

Shops:
D:6 *   D:7 (   D:9 (   Orc:2 [


Innate Abilities, Weirdness & Mutations

You are too large for most types of armour.
You have tough skin. (AC +1)


Message History

The orc knight goes into a battle-frenzy!
The orc warrior hits you with a +0 trident.
The orc priest mumbles some strange prayers to Beogh against you.
Beogh smites you!
* * * LOW HITPOINT WARNING * * *
A red film seems to cover your vision as you go berserk!
You feel yourself moving faster!
You feel mighty! The orc barely misses you.
The orc warrior hits you with a +0 hand axe!
* * * LOW HITPOINT WARNING * * *
The orc priest mumbles some strange prayers to Beogh against you.
Beogh smites you!
* * * LOW HITPOINT WARNING * * *
The orc warrior closely misses you.
You slice the orc warrior!!
You kill the orc warrior!
Trog accepts your kill.
You closely miss the orc warrior. You barely miss the orc.
You slice the orc knight!! You closely miss the orc warrior.
You carve the orc like a ham!!!
You kill the orc!
Trog accepts your kill.
You slice the orc warrior!!
You kill the orc warrior!
Trog accepts your kill.
You hit the orc warrior. You hit the orc knight.
The orc priest calls down the wrath of Beogh upon you.
Beogh smites you!
* * * LOW HITPOINT WARNING * * *
The orc knight roars a battlecry!
The orc warrior barely misses you.
You hear a shout!
You slash the orc priest!
The orc priest is almost dead.
You barely miss the orc knight. You closely miss the orc.
You hit the orc priest. You slash the orc warrior!
The orc priest mumbles some strange prayers to Beogh against you.
Beogh smites you!
* * * LOW HITPOINT WARNING * * *
The orc knight hits you with a +3 battleaxe!!!
You die...

......................##
..................)....#..
..................)).......
...........................
.....#.....................
....#......................
.................).........
................)).......#.
...............o@o........#
#.......#......oooo.....#..
#.......#......oo.......#
........#######.o.#######
#.......# .oo.. ..).....#
.#.o.#. ))......# ..oo...
.)......# . #...# .
.....#..#


You could see 3 orc knights, 2 orc warriors, 6 orc priests and 3 orcs.

Vanquished Creatures
  A boulder beetle (D:11)
  A centaur warrior (D:11)
  3 two-headed ogres
  Urug (Orc:2)
  Amaemon (D:11)
  Pikel (D:8)
  An orc sorcerer (Orc:2)
  A manticore (D:11)
  A cyclops (D:11)
  Joseph (D:7)
  An orange demon (D:11)
  A cane toad (Lair:1)
  An unseen horror (D:11)
  A kobold demonologist (D:11)
  3 trolls
  A wraith (D:9)
  Sigmund (D:4)
  10 yaks (D:10)
  A steam dragon (D:10)
  4 wargs (Orc:1)
  An acid dragon (D:11)
  2 water moccasins (D:6)
  13 orc warriors
  A sky beast (D:7)
  2 ice beasts (D:5)
  6 ogres
  6 centaurs
  2 kobold brigands
  A lemure (D:8)
  A bullfrog (D:6)
  A necrophage (D:4)
  7 wights (D:7)
  3 killer bees (D:9)
  4 howler monkeys
  A hound (D:5)
  5 jellies
  Crazy Yiuf (D:3)
  19 orc priests
  2 gnoll boudas
  Terence (D:2)
  3 iguanas
  19 orc wizards
  Natasha (thrice) (D:2)
  13 gnolls
  12 adders
  A white imp (D:6)
  2 ufetubi
  A worm (D:3)
  5 dart slugs
  74 orcs
  7 ball pythons
  4 bats
  9 endoplasms
  3 giant cockroaches
  5 goblins
  5 hobgoblins
  3 quokkas
  14 kobolds
  4 rats
  A butterfly (D:6)
303 creatures vanquished.

Vanquished Creatures (others)
  An endoplasm (D:4)
1 creature vanquished.

Grand Total: 304 creatures vanquished

Notes
Turn   | Place    | Note
-------+----------+-------------------------------------------
     0 | D:1      | Oxelix the Ogre Berserker began the quest for the Orb.
     0 | D:1      | Reached XP level 1. HP: 24/24 MP: 1/1
   111 | D:1      | Reached XP level 2. HP: 26/32 MP: 2/2
   619 | D:1      | Reached XP level 3. HP: 32/40 MP: 3/3
   857 | D:2      | Reached skill level 4 in Axes
   951 | D:2      | Reached ** piety under Trog
  1011 | D:2      | Reached XP level 4. HP: 49/49 MP: 4/4
  1173 | D:2      | Noticed Terence
  1181 | D:2      | Reached skill level 5 in Fighting
  1190 | D:2      | Killed Terence
  1412 | D:2      | Noticed Natasha
  1421 | D:2      | Killed Natasha
  1422 | D:2      | Reached XP level 5. HP: 26/57 MP: 5/5
  1479 | D:2      | Noticed Natasha
  1490 | D:2      | Killed Natasha
  1491 | D:2      | Reached skill level 5 in Axes
  1639 | D:2      | Noticed Natasha
  1648 | D:2      | Killed Natasha
  1796 | D:3      | Found a basalt altar of Yredelemnul.
  1938 | D:3      | Reached XP level 6. HP: 67/67 MP: 6/6
  2049 | D:3      | Identified the +10 sling of Urgency {freeze, Dex+3}
  2375 | D:3      | Found a runed translucent door.
  2376 | D:3      | Noticed Crazy Yiuf
  2385 | D:3      | Killed Crazy Yiuf
  2647 | D:4      | Noticed Sigmund
  2663 | D:4      | Killed Sigmund
  2664 | D:4      | Reached skill level 6 in Axes
  2664 | D:4      | Reached XP level 7. HP: 76/76 MP: 7/7
  3299 | D:4      | Reached skill level 7 in Axes
  3352 | D:4      | Found a shimmering altar of Xom.
  3903 | D:5      | Entered Level 5 of the Dungeon
  3913 | D:5      | Reached XP level 8. HP: 58/88 MP: 8/8
  4036 | D:5      | Reached skill level 8 in Axes
  4310 | D:5      | Reached *** piety under Trog
  4574 | D:5      | Found an ancient bone altar of Kikubaaqudgha.
  4821 | D:5      | Found a bloodstained altar of Trog.
  4989 | D:5      | Reached skill level 9 in Axes
  5787 | D:6      | Reached XP level 9. HP: 85/98 MP: 9/9
  6250 | D:6      | Found a staircase to the Ecumenical Temple.
  6404 | D:6      | Identified the +1 robe of the Circus Animal {rPois Will+
                  | Slay+2 Stlth+}
  6432 | D:6      | Found Vunir's Overcharged Wands.
  6446 | D:6      | Reached skill level 10 in Axes
  7106 | Temple   | Entered the Ecumenical Temple
  7478 | D:7      | Noticed Joseph
  7621 | D:7      | Killed Joseph
  7741 | D:7      | Identified the +9 mace "Egiytuxzea" {heavy, *Slow Str+2
                  | Dex+4}
  7775 | D:7      | Found Kuohuas's Antique Weapon Boutique.
  7815 | D:7      | Reached skill level 11 in Axes
  7915 | D:7      | Reached skill level 5 in Dodging
  8176 | D:8      | Noticed a two-headed ogre
  8205 | D:8      | Killed a two-headed ogre
  8206 | D:8      | Reached XP level 10. HP: 74/107 MP: 10/10
  8223 | D:8      | Reached skill level 12 in Axes
  8782 | D:8      | Reached **** piety under Trog
  8823 | D:8      | Noticed Pikel
  8837 | D:8      | Killed Pikel
  8942 | D:8      | Found a staircase to the Lair.
  9386 | D:9      | Found Boagh's Weapon Shop.
  9494 | D:9      | Bought a +1 war axe of flaming for 159 gold pieces
  9735 | Lair:1   | Entered Level 1 of the Lair of Beasts
  9735 | Lair:1   | Noticed a cane toad
  9744 | Lair:1   | Killed a cane toad
  9931 | D:10     | Entered Level 10 of the Dungeon
 10010 | D:10     | Found a stormy altar of Qazlal.
 10037 | D:10     | Identified the +9 hand axe "Rigrupru" {vamp, Dex+2}
 10112 | D:10     | Reached skill level 13 in Axes
 10350 | D:10     | Reached XP level 11. HP: 117/117 MP: 11/11
 10357 | D:10     | Reached skill level 10 in Fighting
 10363 | D:10     | Found a shadowy altar of Dithmenos.
 10454 | D:10     | Identified the +4 spear "Useduc" {protect, rC- Str+8 Dex+2}
 10748 | D:11     | Noticed a manticore
 10759 | D:11     | Killed a manticore
 10812 | D:11     | Noticed a two-headed ogre
 10823 | D:11     | Killed a two-headed ogre
 11069 | D:11     | Noticed Amaemon
 11087 | D:11     | Killed Amaemon
 11088 | D:11     | Reached skill level 14 in Axes
 11244 | D:11     | Noticed a centaur warrior
 11257 | D:11     | Killed a centaur warrior
 11269 | D:11     | Found a glowing golden altar of the Shining One.
 11300 | D:11     | Noticed a two-headed ogre
 11314 | D:11     | Killed a two-headed ogre
 11578 | D:11     | Noticed a boulder beetle
 11607 | D:11     | Killed a boulder beetle
 11720 | D:11     | Noticed a cyclops
 11741 | D:11     | Killed a cyclops
 11791 | D:11     | Found a staircase to the Orcish Mines.
 12345 | Orc:1    | Entered Level 1 of the Orcish Mines
 12421 | Orc:1    | Reached ***** piety under Trog
 12850 | Orc:1    | Reached XP level 12. HP: 133/133 MP: 12/12
 13021 | Orc:1    | Received a gift from Trog
 13072 | Orc:2    | Entered Level 2 of the Orcish Mines
 13107 | Orc:2    | Found Ibiupu's Antique Armour Emporium.
 13109 | Orc:2    | Found a staircase to the Elven Halls.
 13363 | Orc:2    | Noticed Urug
 13377 | Orc:2    | Killed Urug
 13595 | Orc:2    | HP: 5/204 [orc priest/divine providence (9)]
 13595 | Orc:2    | Annihilated by an orc knight

Illustrated notes

Levels and vault maps discovered:
D:1:      minmay_arrival_shattered_statue, layout_loops_ring
D:2:      minmay_spotlight, layout_rooms, corexii_item_surrounded_by_moat,
          uniq_terence, uniq_natasha
D:3:      layout_rooms, amcnicky_altar_gilded, uniq_crazy_yiuf_cottage
D:4:      layout_cave_pools, dk_xom_monty_hall, uniq_sigmund
D:5:      layout_layer_cave, kennysheep_cross_room, minmay_stone_trees_small,
          wad_floor_pattern_1, hangedman_feature_mirror, hangedman_decor_lopped
D:6:      layout_basic, minmay_temple_entry_butterflies,
          nicolae_shop_overcharged_wands
D:7:      layout_basic, serial_shops, shop_statue, uniq_joseph
D:8:      layout_loops_cross, lair_entry_dummy, uniq_pikel
D:9:      layout_cave_pools, serial_shops, nicolae_shop_advertising_works
          [nicolae_subvault_shop_adworks]
D:10:     layout_roguey, nicolae_qazlal_general_emergency, lemuel_round_altar,
          minmay_misc_feat_encased, hangedman_abyss_or_decor_clamps
D:11:     layout_small_grid, hiddenorc1_lemuel, nicolae_zen_rock_garden,
          tso_oasis_becter, uniq_amaemon
Temple:   hc_temple_tempest_star
Lair:1:   layout_chaotic_city, disabler_island, grunt_megastairs_2
Orc:1:    layout_caves, basic_altar, nooodl_orcs_dogs
Orc:2:    st_orc_pillars, layout_diamond_mine, serial_shops, shop, uniq_urug

Skill      XL: |  1  2  3  4  5  6  7  8  9 10 11 12 |
---------------+-------------------------------------+-----
Axes           | 4 5 6 7 9 11 13 14 | 14.2
Fighting       | 5 6 7 9 12 13 | 13.2
Dodging        | 3 5 7 9 |  9.6

Action                   |  1- 3 |  4- 6 |  7- 9 | 10-12 || total
-------------------------+-------+-------+-------+-------++-------
Melee: Hand axe          |    82 |   110 |   134 |   218 ||   544
       Punch             |     1 |     2 |     3 |     1 ||     7
       War axe           |       |       |   223 |   112 ||   335
       Executioner's axe |       |       |       |    50 ||    50
Throw: Boomerang         |       |       |     2 |       ||     2
Invok: Berserk           |       |     7 |    11 |    13 ||    31
       Trog's Hand       |       |       |     1 |     1 ||     2
  Use: Potion            |       |       |     1 |       ||     1
       Scroll            |       |       |     1 |     7 ||     8
 Stab: Sleeping          |     1 |       |     1 |     2 ||     4
Armor: Robe              |    25 |    15 |   113 |   111 ||   264
       Troll leather arm |       |       |       |    19 ||    19
Dodge: Dodged            |    56 |    68 |   222 |   232 ||   578

Table legend: (Time is in decaauts)
 A = Elapsed time spent in this place.
 B = Non-inter-level travel time spent in this place.
 C = Inter-level travel time spent in this place.
 D = Time resting spent in this place.
 E = Time spent auto-exploring this place.
 F = Levels seen in this place.
 G = Mean time per level.
                   A        B        C        D        E       F      G
               +--------+--------+--------+--------+--------+-----+--------+
         Total |  13796 |  13323 |    473 |   3900 |   6933 |  15 |  919.7 |
       Dungeon |  12143 |  11715 |    428 |   3356 |   6269 |  11 | 1103.9 |
        Temple |    328 |    298 |     30 |      0 |    282 |   1 |  328.0 |
          Lair |     54 |     54 |      0 |     44 |      0 |   1 |   54.0 |
  Orcish Mines |   1269 |   1254 |     15 |    499 |    382 |   2 |  634.5 |
               +--------+--------+--------+--------+--------+-----+--------+

Top non-repeatable levels by time:
     D:5: 1863 daAuts
    D:11: 1610 daAuts
     D:6: 1415 daAuts
     D:4: 1203 daAuts
     D:8: 1100 daAuts
     D:2: 1015 daAuts
     D:3: 984 daAuts
     D:1: 799 daAuts
    D:10: 772 daAuts
   Orc:1: 731 daAuts
     D:9: 708 daAuts
     D:7: 670 daAuts
   Orc:2: 538 daAuts
  Temple: 328 daAuts
  Lair:1: 54 daAuts
